 Dungeon Crawl Stone Soup version 0.25.0-11-g1f837a76a1 (webtiles) character file.

Game seed: 6789549526176212854

98 Delamore the Cudgeler (level 4, -3/28 HPs)
             Began as a Gargoyle Fighter on June 24, 2020.
             Slain by a gnoll
             ... wielding a +0 halberd
              (8 damage)
             ... on level 1 of the Dungeon.
             The game lasted 00:01:26 (2046 turns).

Delamore the Cudgeler (Gargoyle Fighter)            Turns: 2046, Time: 00:01:26

Health: -3/28      AC: 10    Str: 20    XL:     4   Next: 71%
Magic:  4/4        EV:  7    Int:  9    God:
Gold:   101        SH:  9    Dex:  9    Spells: 3/3 levels left

rFire    . . .     SeeInvis .   a - +0 flail
rCold    . . .     Gourm    .   c - +0 kite shield
rNeg     + . .     Faith    .   b - +0 scale mail
rPois    ∞         Spirit   .   (no helmet)
rElec    +         Reflect  .   (no cloak)
rCorr    .         Harm     .   (no gloves)
MR       .....                  (no boots)
Stlth    ..........             (no amulet)
HPRegen  0.09/turn              (no ring)
MPRegen  0.09/turn              (no ring)

@: no status effects
A: negative energy resistance 1, electricity resistance, unbreathing,
petrification resistance, rot immunity, AC +3
a: no special abilities


You were on level 1 of the Dungeon.
You were not hungry.

You visited 1 branch of the dungeon, and saw 2 of its levels.

You collected 101 gold pieces.

Inventory:

Hand Weapons
 a - a +0 flail (weapon)
Missiles
 l - 19 poisoned darts (quivered)
Armour
 b - a +0 scale mail (worn)
 c - a +0 kite shield (worn)
 m - a +0 tower shield
Scrolls
 h - 3 scrolls of identify {unknown}
 i - a scroll of teleportation {unknown}
 j - a scroll of magic mapping {unknown}
Potions
 d - 2 potions of might
 e - a potion of ambrosia {unknown}
 k - a potion of curing {unknown}
Comestibles
 f - 3 rations
 g - 3 chunks of flesh


   Skills:
 - Level 3.2 Fighting
 + Level 4.7 Maces & Flails
 - Level 3.2 Armour
 - Level 3.2 Shields


You had 3 spell levels left.
You didn't know any spells.
Your spell library was empty.

Dungeon Overview and Level Annotations

Branches:
Dungeon (2/15)

Altars:


Innate Abilities, Weirdness & Mutations

You are resistant to torment.
Your stone body is resilient. (AC +3)
You are immune to poison.
You resist negative energy. (rN+)
You are resistant to electric shocks. (rElec)
You can survive without breathing.
You are immune to petrification.
You are immune to rotting.


Message History

You sock the gnoll!
The gnoll is severely wounded.
You block the gnoll's attack. x2
You hit the gnoll.
The gnoll is severely wounded.
The gnoll hits you with a +0 spear. The gnoll hits you with a +0 halberd!
* * * LOW HITPOINT WARNING * * *
You block the gnoll's attack.
You sock the gnoll!
You kill the gnoll!
The gnoll completely misses you. You block the gnoll's attack.
Things that are here:
a +0 flail; a gnoll skeleton
Things that are here:
a +0 spear; a +0 club; a gnoll skeleton The gnoll hits you from afar with a +0 halberd.
* * * LOW HITPOINT WARNING * * *
The gnoll hits you from afar with a +0 halberd!
You die...

#...........######.###.#
### ##.#.#.#.#.#.......#
#.# ..#
#...........######## #.#
..# ##.#.#.#.#.### #÷#
..# #............# #.#
..#
##.#.#.#.#.#.#########.#
..#
###.g.................#
..#
#....#.........####.#
..#
#...@...............#
###
#...##########.####.#
#...'........#.# #.#
#...########.#.# #.#
#...# #.#.# #.#
#############...#
###.#.# #.#
÷..........######
#...#.# #.# ##########.#
#.#.#÷# #.#
#.###########'###.# #.#


You could see a gnoll.

Vanquished Creatures
  3 gnolls (D:1)
  An adder (D:1)
  2 worms
  2 dart slugs (D:1)
  5 bats (D:1)
  5 giant cockroaches (D:1)
  8 goblins (D:1)
  6 hobgoblins (D:1)
  4 jackals (D:1)
  4 kobolds (D:1)
  4 frilled lizards (D:1)
  2 rats (D:1)
46 creatures vanquished.

Notes
Turn   | Place    | Note
-------+----------+-------------------------------------------
     0 | D:1      | Delamore the Gargoyle Fighter began the quest for the Orb.
     0 | D:1      | Reached XP level 1. HP: 14/14 MP: 1/1
   185 | D:1      | Reached XP level 2. HP: 11/19 MP: 2/2
   562 | D:1      | Reached skill level 3 in Maces & Flails
   849 | D:1      | Reached XP level 3. HP: 19/23 MP: 3/3
  1379 | D:1      | Reached skill level 4 in Maces & Flails
  1478 | D:1      | Reached XP level 4. HP: 9/28 MP: 4/4
  2046 | D:1      | Slain by a gnoll

Illustrated notes

Levels and vault maps discovered:
D:1:      saegor_arrival_under_anarchy, layout_basic, kennysheep_small_spiral,
          kennysheep_flooded_box, minmay_misc_feat_cross, st_stairs_10
D:2:      layout_basic, first_ration, minmay_circle_x, uniq_jessica

Skill      XL: |  1  2  3 |
---------------+----------+-----
Maces & Flails | 3 4 |  4.7
Fighting       | |  3.2
Armour         | |  3.2
Shields        | |  3.2

Action                   |  1- 3 |  4- 6 || total
-------------------------+-------+-------++-------
Melee: Flail             |   158 |    19 ||   177
  Eat: Chunk             |     2 |     2 ||     4
Armor: Scale mail        |    92 |    20 ||   112
Dodge: Dodged            |    60 |    11 ||    71
Block: Kite shield       |    98 |    19 ||   117
